 Dungeon Crawl Stone Soup version 0.31-a0-859-g9dce7d3444 (webtiles) character file.

Game seed: 8510239564564762000

80 Bnni the Vexing (level 4, -1/33 HPs)
             Began as a Formicid Hexslinger on Oct 10, 2023.
             Was an Initiate of Hepliaklqana.
             Slain by a hound (4 damage)
             ... on level 3 of the Dungeon.
             The game lasted 00:04:33 (2179 turns).

Bnni the Vexing (Formicid Hexslinger)               Turns: 2179, Time: 00:04:34

Health: -1/33      AC:  0    Str: 12    XL:     4   Next: 65%
Magic:  5/6        EV: 12    Int: 13    God:    Hepliaklqana [......]
Gold:   167        SH:  4    Dex: 18    Spells: 1/6 levels left

rFire   . . .        a - +1 sling
rCold   . . .        j - +0 buckler
rNeg    . . .        (no body armour)
rPois   .            (helmet unavailable)
rElec   .            (no cloak)
rCorr   .            (no gloves)
SInv    +            (no boots)
Will    .....        (no amulet)
Stlth   ++           (no ring)
HPRegen 0.25/turn    (no ring)
MPRegen 0.10/turn

%: no passive effects
@: weak-willed
A: permanent stasis, dig shafts and tunnels, antennae 3, four strong arms
a: Dig, Shaft Self, Renounce Religion


You were on level 3 of the Dungeon.
You worshipped Hepliaklqana.
Hepliaklqana was noncommittal.
You visited 1 branch of the dungeon, and saw 4 of its levels.

You collected 167 gold pieces.

Inventory:

Hand Weapons
 a - a +1 sling (weapon)
Missiles
 h - 6 poisoned darts
Armour
 c - a +0 robe
 j - a +0 buckler (worn)
 l - the +3 robe "Penyff" {Drain rCorr SInv}
   (You found it on level 4 of the Dungeon)

   SInv:      It lets you see invisible.
   rCorr:     It protects you from acid and corrosion.
   Drain:     It drains your maximum health when unequipped.
Scrolls
 b - a scroll of poison
 g - a scroll of identify
 i - a scroll of revelation
 k - a scroll of butterflies
Potions
 d - 2 potions of heal wounds
 e - a potion of curing
 f - a potion of enlightenment


   Skills:
 + Level 1.9 Fighting
 * Level 3.0 Ranged Weapons
 - Level 1.7 Dodging
 + Level 0.3 Shields
 + Level 1.9 Spellcasting
 * Level 4.6 Hexes
 - Level 1.0 Fire Magic
 + Level 0.0 Invocations


You had one spell level left.
You knew the following spells:

 Your Spells              Type           Power      Damage    Failure   Level
a - Jinxbite              Hex            26%        N/A       9%          2
b - Inner Flame           Hex/Fire       8%         N/A       34%         3

Your spell library contained the following spells:

 Spells                   Type           Power      Damage    Failure   Level
 Summon Small Mammal      Summ           4%         N/A       36%         1
 Sigil of Binding         Hex            13%        N/A       17%         3
 Summon Guardian Golem    Hex/Summ       7%         N/A       41%         3
 Lesser Beckoning         Tloc           2%         N/A       50%         2
 Momentum Strike          Conj/Tloc      2%         3d8       50%         2
 Cause Fear               Hex            6%         N/A       50%         4
 Call Canine Familiar     Summ           1%         N/A       75%         3
 Frozen Ramparts          Ice            2%         1d1       75%         3
 Dimensional Bullseye     Hex/Tloc       3%         N/A       82%         4
 Petrify                  Tmut/Erth      1%         N/A       98%         4
 Metabolic Englaciation   Hex/Ice        3%         N/A       99%         5
 Blink                    Tloc           Unusable   N/A       N/A         2

Dungeon Overview and Level Annotations

Branches:
Dungeon (4/15)
 Temple: D:4-7

Altars:
Hepliaklqana
Vehumet

Shops:
D:2 :((


Innate Abilities, Weirdness & Mutations

You cannot be hasted, slowed, berserked, paralysed or teleported.
You can dig through walls and to a lower floor.
You have a pair of large antennae on your head. (SInv)
Your four strong arms can wield two-handed weapons with a shield.


Message History

You shoot a sling bullet. The sling bullet misses the hound.
A giggling sprite leaps out and makes the hound trip over its own paws.
The hound is heavily wounded.
The jinxing sprites lose interest in you.
You block the hound's attack. The hound bites you.
The phantom closely misses you.
You shoot a sling bullet.
The sling bullet hits the hound but does no damage.
The hound is heavily wounded.
The phantom seems less drained.
The hound bites you. The phantom closely misses you.
The hound stops to sniff the ground.
The hound barely misses you.
You shoot a sling bullet. The sling bullet hits the hound.
The hound is severely wounded.
The hound closely misses you. The phantom hits you.
An orc wizard comes into view. It is wielding a +1 dagger of speed.
The hound barely misses you. You block the phantom's attack.
You shoot a sling bullet. The orc wizard shouts!
The sling bullet hits the hound.
The hound is severely wounded.
You hear a shout! x2
The hound seems less drained.
The hound barely misses you. The hound bites you. The phantom hits you!
An orc comes into view. It is wielding a +0 falchion.
The hound bites you. The phantom closely misses you.
The orc wizard mumbles some strange words.
The orc wizard flickers and vanishes for a moment.
The hound bites you.
* * * LOW HITPOINT WARNING * * *
The orc priest shouts!
You climb upwards.
There is a stone staircase leading down here.
You shoot a sling bullet.
The sling bullet closely misses the hound.
The hound barely misses you. The phantom hits you.
* * * LOW HITPOINT WARNING * * *
The hound bites you.
You die...

#........# #
#........#####
####.#......#.
##.######...
#######..##.......
##...##.)....#...##
##..........###.....
#.hW................
#..@.........###....
#............# #....
##.......<..## #....
##...##...## #####
##########


You could see a phantom and a hound.

Vanquished Creatures
  An adder (D:3)
  3 worms
  A dart slug (D:3)
  3 bats
  5 endoplasms
  A goblin (D:1)
  9 hobgoblins
  7 jackals
  2 quokkas (D:1)
  6 ball pythons (D:1)
  12 frilled lizards
  2 kobolds
  8 rats
60 creatures vanquished.

Notes
Turn   | Place    | Note
-------+----------+-------------------------------------------
     0 | D:1      | Bnni the Formicid Hexslinger began the quest for the Orb.
     0 | D:1      | Reached XP level 1. HP: 15/15 MP: 2/2
   207 | D:1      | Reached XP level 2. HP: 21/21 MP: 3/3
   210 | D:1      | Learned a level 2 spell: Jinxbite
   371 | D:1      | Found a faded altar of an unknown god.
   546 | D:1      | Reached skill level 4 in Hexes
   628 | D:1      | Reached XP level 3. HP: 21/26 MP: 5/5
   941 | D:1      | Learned a level 3 spell: Inner Flame
  1032 | D:2      | Found Yvaix's Book Shoppe.
  1049 | D:2      | Found Veiblerpheagh's Weapon Boutique.
  1062 | D:2      | Found Ubul's Weapon Boutique.
  1197 | D:2      | Reached XP level 4. HP: 33/33 MP: 6/6
  1714 | D:3      | Found a radiant altar of Vehumet.
  1885 | D:3      | Found a faded altar of an unknown god.
  1948 | D:3      | Found a hazy altar of Hepliaklqana.
  1963 | D:3      | Became a worshipper of Hepliaklqana the Forgotten
  2158 | D:4      | Identified the +3 robe "Penyff" {Drain rCorr SInv}
  2162 | D:4      | Noticed a phantom
  2179 | D:3      | Slain by a hound

Illustrated notes

Levels and vault maps discovered:
D:1:      erik_arrival_orb_chamber, layout_loops_corners,
          shapermc_ecumenical_altar_mp_urbaneastern, dreamdust_princess_bridge,
          minmay_lizard_king
D:2:      layout_rooms, serial_shops, nicolae_shop_scrapyard, shop_fountains,
          shop
D:3:      layout_rooms, mainiacjoe_overflow_alcove_1, fiery_altar_vehumet,
          nicolae_overflow_ecumenical_swirl
D:4:      layout_cave_pools, grunt_ministairs_2

Skill      XL: |  1  2  3  4 |
---------------+-------------+-----
Hexes          | 4 |  4.6
Ranged Weapons | 3 |  3.0
Fighting       | |  1.9
Dodging        | |  1.7
Shields        | |  0.3
Spellcasting   | |  1.9
Fire Magic     | |  1.0

Action                     |  1- 3 |  4- 6 || total
---------------------------+-------+-------++-------
   Fire: Sling             |   101 |    69 ||   170
   Cast: Jinxbite          |       |     3 ||     3
    Use: Scroll            |       |     7 ||     7
 Armour: Robe              |    16 |    12 ||    28
         Skin              |       |     9 ||     9
  Dodge: Dodged            |    30 |    23 ||    53
  Block: Buckler           |       |     8 ||     8

Table legend: (Time is in decaauts)
 A = Elapsed time spent in this place.
 B = Non-inter-level travel time spent in this place.
 C = Inter-level travel time spent in this place.
 D = Time resting spent in this place.
 E = Time spent auto-exploring this place.
 F = Levels seen in this place.
 G = Mean time per level.
                   A        B        C        D        E       F      G
               +--------+--------+--------+--------+--------+-----+--------+
         Total |   2227 |   2113 |    114 |    100 |   1615 |   4 |  556.8 |
       Dungeon |   2227 |   2113 |    114 |    100 |   1615 |   4 |  556.8 |
               +--------+--------+--------+--------+--------+-----+--------+

Top non-repeatable levels by time:
     D:1: 1040 daAuts
     D:3: 604 daAuts
     D:2: 554 daAuts
     D:4: 28 daAuts
